Buffalo Sabres vs Minnesota Wild

Created - samedi 17 novembre 2018 at 19:00

Goals
1 2 3 T
Buffalo Sabres 0 2 2 4
Minnesota Wild 1 0 0 1
Shots
1 2 3 T
Buffalo Sabres 9 19 7 35
Minnesota Wild 10 7 5 22

1st period

1. Minnesota Wild , Ty Rattie 5 (Christian Folin 3, Matt Dumba 7) at 18:42

Penalties :
No Penalty

2nd period

2. Buffalo Sabres , John Tavares 6 (Tyler Myers 2) at 5:06
3. Buffalo Sabres , Ryan Nugent-Hopkins 12 (John Tavares 10, Jesper Fast 4) at 5:16

Penalties :
No Penalty

3rd period

4. Buffalo Sabres , Justin Bailey 3 (John Tavares 11) at 3:33
5. Buffalo Sabres , John Tavares 7 (Ryan Nugent-Hopkins 6) at 17:23

Penalties :
Johan Larsson (MIN) for Roughing (Minor) at 4:14, Mikko Koivu (MIN) for Interference (Minor) at 19:49

Goalie Stats

Robin Lehner (BUF), 21 saves from 22 shots - (0.955), W, 9-10-1, 60:00 minutes
James Reimer (MIN), 31 saves from 35 shots - (0.886), L, 5-6-3, 60:00 minutes

Players Stats for Buffalo Sabres

Player Name              G  A  P  +/- PIM S  H  SB GA TA FO     MP     PP MP  PK MP  
------------------------------------------------------------------------------------
Brendan Guhle            0  0  0   0  0   0  1  0  0  0  0/0    16:17   0:00   0:00 
Casey Nelson             0  0  0   0  0   0  0  0  0  1  0/0    15:09   0:00   0:00 
Curtis Lazar             0  0  0   0  0   5  0  1  0  0  1/2    16:43   1:05   0:00 
Dmitry Kulikov           0  0  0   0  0   0  0  1  0  0  0/0     8:32   0:00   0:00 
Evan Rodrigues           0  0  0   0  0   8  1  0  0  0  0/0    17:16   0:00   0:00 
Jake McCabe              0  0  0   1  0   1  0  3  0  0  0/0    18:14   1:08   0:00 
Jason Pominville         0  0  0   0  0   2  1  0  1  0  6/11   17:24   0:00   0:00 
Jesper Fast              0  1  1   3  0   0  3  0  0  0  2/2    17:41   1:05   0:00 
John Tavares             2  2  4   3  0   5  3  0  0  2  10/29  23:35   0:00   0:00 
Justin Bailey            1  0  1   0  0   2  1  0  0  1  1/1     9:38   0:00   0:00 
Marco Scandella          0  0  0   1  0   0  1  1  0  0  0/0    18:33   1:08   0:00 
Marcus Foligno           0  0  0   0  0   1  4  1  0  1  0/0    18:07   1:04   0:00 
Nicholas Baptiste        0  0  0   0  0   0  3  0  0  0  1/1     9:26   0:00   0:00 
Nicolas Deslauriers      0  0  0   0  0   4  1  0  2  0  1/3    16:07   1:04   0:00 
Rasmus Ristolainen       0  0  0   2  0   2  2  0  1  1  0/0    25:47   1:01   0:00 
Ryan Nugent-Hopkins      1  1  2   3  0   3  3  0  1  0  1/1    17:29   1:05   0:00 
Tyler Myers              0  1  1   2  0   0  0  1  1  0  0/0    17:28   1:01   0:00 
Zemgus Girgensons        0  0  0   0  0   2  1  0  0  0  9/12   16:34   1:04   0:00 

Players Stats for Minnesota Wild

Player Name              G  A  P  +/- PIM S  H  SB GA TA FO     MP     PP MP  PK MP  
------------------------------------------------------------------------------------
Alexander Steen          0  0  0   0  0   0  1  2  0  0  0/1    16:22   0:00   1:02 
Christian Folin          0  1  1   1  0   0  3  1  1  0  0/0    16:42   0:00   0:00 
David Warsofsky          0  0  0   0  0   0  0  0  0  0  0/0    16:48   0:00   0:00 
Jared Spurgeon           0  0  0  -4  0   0  1  0  1  1  0/0    23:57   0:00   1:11 
Jason Zucker             0  0  0  -1  0   1  1  1  2  0  0/0    15:01   0:00   0:00 
Joel Eriksson Ek         0  0  0  -2  0   1  4  1  0  0  0/0    13:22   0:00   0:00 
Johan Larsson            0  0  0   0  2   0  2  0  0  0  7/16   15:15   0:00   0:00 
Jonas Brodin             0  0  0  -2  0   2  1  0  1  0  0/0    19:38   0:00   1:11 
Matt Cullen              0  0  0  -2  0   0  1  0  0  0  6/13   13:24   0:00   0:00 
Matt Dumba               0  1  1  -1  0   1  0  1  0  3  0/0    23:23   0:00   0:58 
Matt Nieto               0  0  0   0  0   1  3  1  0  1  2/2    16:11   0:00   1:12 
Mika Zibanejad           0  0  0  -1  0   1  3  0  0  0  8/14   14:54   0:00   0:00 
Mikael Granlund          0  0  0   0  0   4  1  0  0  0  0/0    15:49   0:00   1:07 
Mikko Koivu              0  0  0   0  2   2  1  1  0  0  7/13   15:19   0:00   0:57 
Nate Prosser             0  0  0   0  0   1  3  3  0  1  0/0    18:35   0:00   0:58 
Nino Niederreiter        0  0  0  -1  0   2  2  0  1  0  0/3    14:54   0:00   0:00 
Patrick Sharp            0  0  0   0  0   2  3  0  0  0  0/0    14:53   0:00   0:00 
Ty Rattie                1  0  1  -2  0   4  1  0  0  0  0/0    13:22   0:00   0:00 

3 Stars

1 - John Tavares (BUF)
2 - Ryan Nugent-Hopkins (BUF)
3 - Jesper Fast (BUF)

Power Play

Buffalo Sabres - 0 on 2 Attempt(s) - 0.00%
Minnesota Wild - 0 on 0 Attempt(s) - 0.00%

Penalty Kill

Buffalo Sabres - 0 on 0 Attempt(s) - 0.00% - Score 0 goal in Penalty Kill
Minnesota Wild - 2 on 2 Attempt(s) - 100.00% - Score 0 goal in Penalty Kill

Team Stat

Buffalo Sabres - Hits : 25 - Faceoff Wins : 32 - Blocked Shots : 8 - Penalty Minutes : 0
Minnesota Wild - Hits : 31 - Faceoff Wins : 30 - Blocked Shots : 11 - Penalty Minutes : 4

Official

Referees : Ian Walsh and Francis Charron
Linesman : Ryan Galloway and Jay Sharrers

Game Notes

Casey Nelson is injured at 16:47 of 3rd period (Fractured Metatarsal (Right Foot))

Finance

Level 1 -- Attendance: 9702 (91.53%) -- Ticket Income fr. 776'160
Level 2 -- Attendance: 2197 (99.86%) -- Ticket Income fr. 142'805
Level 3 -- Attendance: 2934 (79.30%) -- Ticket Income fr. 102'690
Level 4 -- Attendance: 1450 (100.00%) -- Ticket Income fr. 29'000
Luxury Box -- Attendance: 50 (100.00%) -- Ticket Income fr. 10'000
Game was played at the Xcel Energy Center.
Total Attendance: 16333 (90.74%)
Total Ticket Income: fr. 1'060'655
Total Income: fr. 1'060'655

Buffalo Sabres

5 vs 5 Forward 
   Center                   Left Wing                Right Wing               Time % Phy DF OF 
 1 John Tavares             Ryan Nugent-Hopkins      Jesper Fast              30     1   2  2  
 2 Jason Pominville         Marcus Foligno           Evan Rodrigues           30     1   2  2  
 3 Zemgus Girgensons        Curtis Lazar             Nicolas Deslauriers      25     1   2  2  
 4 John Tavares             Justin Bailey            Nicholas Baptiste        15     1   2  2  

5 vs 5 Defense 
   Defense                  Defense                                           Time % Phy DF OF 
 1 Rasmus Ristolainen       Tyler Myers                                       30     1   2  2  
 2 Marco Scandella          Jake McCabe                                       30     1   2  2  
 3 Casey Nelson             Brendan Guhle                                     25     1   2  2  
 4 Rasmus Ristolainen       Dmitry Kulikov                                    15     1   2  2  

PowerPlay Forward 
   Center                   Left Wing                Right Wing               Time % Phy DF OF 
 1 Curtis Lazar             Ryan Nugent-Hopkins      Jesper Fast              50     1   2  2  
 2 Nicolas Deslauriers      Marcus Foligno           Zemgus Girgensons        50     1   2  2  

PowerPlay Defense
   Defense                  Defense                                           Time % Phy DF OF 
 1 Rasmus Ristolainen       Tyler Myers                                       50     1   2  2  
 2 Marco Scandella          Jake McCabe                                       50     1   2  2  

Penalty Kill 4 Players Forward 
   Center                   Wing                     Time % Phy DF OF 
 1 Jesper Fast              Ryan Nugent-Hopkins      50     1   2  2  
 2 Zemgus Girgensons        Curtis Lazar             50     1   2  2  

Penalty Kill 4 Players Defense
   Defense                  Defense                  Time % Phy DF OF 
 1 Rasmus Ristolainen       Casey Nelson             50     1   2  2  
 2 Marco Scandella          Jake McCabe              50     1   2  2  

Penalty Kill - 3 Players Forward 
   Forward                                           Time % Phy DF OF 
 1 Jesper Fast                                       50     1   2  2  
 2 Ryan Nugent-Hopkins                               50     1   2  2  

Penalty Kill - 3 Players Defense
   Defense                  Defense                  Time % Phy DF OF 
 1 Rasmus Ristolainen       Tyler Myers              50     1   2  2  
 2 Marco Scandella          Jake McCabe              50     1   2  2  

4 vs 4 Forward 
   Center                   Wing                     Time % Phy DF OF 
 1 Zemgus Girgensons        Ryan Nugent-Hopkins      50     1   2  2  
 2 Nicolas Deslauriers      Jesper Fast              50     1   2  2  

4 vs 4 Defense
   Defense                  Defense                  Time % Phy DF OF 
 1 Rasmus Ristolainen       Tyler Myers              50     1   2  2  
 2 Marco Scandella          Jake McCabe              50     1   2  2  

Last Minutes Offensive
   Center                   Left Wing                Right Wing               Defense                  Defense                  
   John Tavares             Ryan Nugent-Hopkins      Jesper Fast              Rasmus Ristolainen       Tyler Myers              

Last Minutes Defensive
   Center                   Left Wing                Right Wing               Defense                  Defense                  
   John Tavares             Ryan Nugent-Hopkins      Jesper Fast              Rasmus Ristolainen       Tyler Myers              

Goaltenders
Starting : Robin Lehner             
Backup : Linus Ullmark            

Extra Forwards
Normal : Zemgus Girgensons, Curtis Lazar, Nicolas Deslauriers - PP : Zemgus Girgensons, Curtis Lazar - PK : Nicolas Deslauriers
Extra Defensemen
Normal : Casey Nelson, Rasmus Ristolainen, Marco Scandella - PP : Casey Nelson - PK : Rasmus Ristolainen, Marco Scandella
Penalty Shots
Curtis Lazar, Ryan Nugent-Hopkins, Marcus Foligno, Zemgus Girgensons, Jesper Fast
Custom OT Lines Forwards
John Tavares, Ryan Nugent-Hopkins, Jesper Fast, Jason Pominville, Evan Rodrigues, Marcus Foligno, Zemgus Girgensons, Curtis Lazar, Nicolas Deslauriers, Justin Bailey
Custom OT Lines Defensemen
Rasmus Ristolainen, Tyler Myers, Marco Scandella, Jake McCabe, Casey Nelson

Scratches
Filip Chlapik (Healthy)

Minnesota Wild

5 vs 5 Forward 
   Center                   Left Wing                Right Wing               Time % Phy DF OF 
 1 Mikko Koivu              Alexander Steen          Mikael Granlund          26     0   1  4  
 2 Mika Zibanejad           Nino Niederreiter        Jason Zucker             26     0   1  4  
 3 Johan Larsson            Matt Nieto               Patrick Sharp            25     0   2  3  
 4 Matt Cullen              Joel Eriksson Ek         Ty Rattie                23     0   4  1  

5 vs 5 Defense 
   Defense                  Defense                                           Time % Phy DF OF 
 1 Jared Spurgeon           Jonas Brodin                                      32     0   3  2  
 2 Matt Dumba               Christian Folin                                   32     0   3  2  
 3 David Warsofsky          Nate Prosser                                      28     0   4  1  
 4 Jared Spurgeon           Matt Dumba                                        8      0   4  1  

PowerPlay Forward 
   Center                   Left Wing                Right Wing               Time % Phy DF OF 
 1 Mikko Koivu              Jason Zucker             Mikael Granlund          50     0   0  5  
 2 Mika Zibanejad           Nino Niederreiter        Alexander Steen          50     0   0  5  

PowerPlay Defense
   Defense                  Defense                                           Time % Phy DF OF 
 1 Matt Dumba               Jonas Brodin                                      50     0   1  4  
 2 Jared Spurgeon           Christian Folin                                   50     0   1  4  

Penalty Kill 4 Players Forward 
   Center                   Wing                     Time % Phy DF OF 
 1 Mikko Koivu              Mikael Granlund          50     0   5  0  
 2 Johan Larsson            Matt Nieto               50     0   5  0  

Penalty Kill 4 Players Defense
   Defense                  Defense                  Time % Phy DF OF 
 1 Jared Spurgeon           Jonas Brodin             50     0   5  0  
 2 Matt Dumba               Nate Prosser             50     0   5  0  

Penalty Kill - 3 Players Forward 
   Forward                                           Time % Phy DF OF 
 1 Mikko Koivu                                       50     0   5  0  
 2 Johan Larsson                                     50     0   5  0  

Penalty Kill - 3 Players Defense
   Defense                  Defense                  Time % Phy DF OF 
 1 Jared Spurgeon           Jonas Brodin             50     0   5  0  
 2 Matt Dumba               Nate Prosser             50     0   5  0  

4 vs 4 Forward 
   Center                   Wing                     Time % Phy DF OF 
 1 Mikko Koivu              Mikael Granlund          50     0   1  4  
 2 Mika Zibanejad           Alexander Steen          50     0   1  4  

4 vs 4 Defense
   Defense                  Defense                  Time % Phy DF OF 
 1 Jonas Brodin             Jared Spurgeon           50     0   2  3  
 2 Christian Folin          Matt Dumba               50     0   2  3  

Last Minutes Offensive
   Center                   Left Wing                Right Wing               Defense                  Defense                  
   Mika Zibanejad           Jason Zucker             Alexander Steen          Mikael Granlund          Matt Dumba               

Last Minutes Defensive
   Center                   Left Wing                Right Wing               Defense                  Defense                  
   Mikko Koivu              Matt Nieto               Mikael Granlund          Jared Spurgeon           Jonas Brodin             

Goaltenders
Starting : James Reimer             
Backup : Darcy Kuemper            

Extra Forwards
Normal : Jason Zucker, Mikael Granlund, Alexander Steen - PP : Alexander Steen, Nino Niederreiter - PK : Matt Nieto
Extra Defensemen
Normal : Jared Spurgeon, Matt Dumba, Jonas Brodin - PP : Matt Dumba - PK : Jonas Brodin, Jared Spurgeon
Penalty Shots
Mika Zibanejad, Mikael Granlund, Alexander Steen, Jason Zucker, Nino Niederreiter
Custom OT Lines Forwards
Mikael Granlund, Jason Zucker, Nino Niederreiter, Mika Zibanejad, Mikko Koivu, Alexander Steen, Matt Nieto, Matt Cullen, Patrick Sharp, Joel Eriksson Ek
Custom OT Lines Defensemen
Jared Spurgeon, Jonas Brodin, Matt Dumba, Christian Folin, Nate Prosser

Scratches
None


% Time on Ice - Buffalo Sabres

Lines # - Real PCT - Wanted PCT - Time Play
Normal Forward
1 - 28% - 30% - 16:24
2 - 31% - 30% - 17:45
3 - 25% - 25% - 14:16
4 - 16% - 15% - 9:26
Normal Defense
1 - 28% - 30% - 16:27
2 - 30% - 30% - 17:06
3 - 28% - 25% - 16:17
4 - 14% - 15% - 8:01
PP Forward
1 - 50% - 50% - 1:05
2 - 50% - 50% - 1:04
PP Defense
1 - 47% - 50% - 1:01
2 - 53% - 50% - 1:08
PK Forward
1 - 0% - 50%
2 - 0% - 50%
PK Defense
1 - 0% - 50%
2 - 0% - 50%
PK3 Forward
1 - 0% - 50%
2 - 0% - 50%
PK3 Defense
1 - 0% - 50%
2 - 0% - 50%
44 Forward
1 - 0% - 50%
2 - 0% - 50%
44 Defense
1 - 0% - 50%
2 - 0% - 50%
Last Minute Offensive  - 0:00
Last Minute Defensive  - 0:00
Total
Forward - 60:00
Defense - 60:00

% Time on Ice - Minnesota Wild

Lines # - Real PCT - Wanted PCT - Time Play
Normal Forward
1 - 25% - 26% - 14:23
2 - 26% - 26% - 15:13
3 - 26% - 25% - 14:53
4 - 23% - 23% - 13:22
Normal Defense
1 - 31% - 32% - 17:40
2 - 33% - 32% - 18:53
3 - 29% - 28% - 16:53
4 - 8% - 8% - 4:25
PP Forward
1 - 0% - 50%
2 - 0% - 50%
PP Defense
1 - 0% - 50%
2 - 0% - 50%
PK Forward
1 - 52% - 50% - 1:07
2 - 48% - 50% - 1:02
PK Defense
1 - 55% - 50% - 1:11
2 - 45% - 50% - 0:58
PK3 Forward
1 - 0% - 50%
2 - 0% - 50%
PK3 Defense
1 - 0% - 50%
2 - 0% - 50%
44 Forward
1 - 0% - 50%
2 - 0% - 50%
44 Defense
1 - 0% - 50%
2 - 0% - 50%
Last Minute Offensive  - 0:00
Last Minute Defensive  - 0:00
Total
Forward - 60:00
Defense - 60:00

Play-by-Play

1st period


0:01 of 1st period - John Tavares wins face-off versus Alexander Steen in neutral zone.
0:47 of 1st period - Snap shot by Jason Pominville.
0:47 of 1st period - Stopped by James Reimer without a rebound.
0:48 of 1st period - Johan Larsson wins face-off versus Zemgus Girgensons in Minnesota Wild zone.
1:13 of 1st period - Matt Cullen is hit by Justin Bailey and loses puck.
3:17 of 1st period - Slapshot by Mikael Granlund.
3:17 of 1st period - Stopped by Robin Lehner with a rebound.
3:41 of 1st period - Marco Scandella is hit by Nate Prosser.
3:46 of 1st period - Off-side.
3:47 of 1st period - Nicholas Baptiste wins face-off versus Mika Zibanejad in neutral zone.
3:52 of 1st period - Nino Niederreiter is hit by Nicholas Baptiste and loses puck.
4:13 of 1st period - Wrist shot by Ty Rattie.
4:13 of 1st period - Stopped by Robin Lehner without a rebound.
4:14 of 1st period - Mikko Koivu wins face-off versus Zemgus Girgensons in Buffalo Sabres zone.
4:39 of 1st period - Nate Prosser is hit by Ryan Nugent-Hopkins.
4:44 of 1st period - Off-side.
4:45 of 1st period - Matt Cullen wins face-off versus John Tavares in neutral zone.
4:52 of 1st period - Snap shot by Ty Rattie.
4:52 of 1st period - Stopped by Robin Lehner with a rebound.
4:54 of 1st period - Snap shot by Joel Eriksson Ek.
4:54 of 1st period - Shot Hit the Post.
5:10 of 1st period - Jared Spurgeon is hit by Marcus Foligno and loses puck.
5:39 of 1st period - Curtis Lazar is hit by Nate Prosser and loses puck.
5:58 of 1st period - Snap shot by Mikael Granlund.
5:58 of 1st period - Stopped by Robin Lehner with a rebound.
6:14 of 1st period - Jared Spurgeon is hit by Marcus Foligno and loses puck.
6:29 of 1st period - Wrist shot by John Tavares.
6:29 of 1st period - Shot Misses the Net.
6:36 of 1st period - Off-side.
6:37 of 1st period - Zemgus Girgensons wins face-off versus Nino Niederreiter in neutral zone.
6:39 of 1st period - Rasmus Ristolainen is hit by Christian Folin.
6:47 of 1st period - Snap shot by Mika Zibanejad.
6:47 of 1st period - Shot Misses the Net.
6:49 of 1st period - Snap shot by Mika Zibanejad.
6:49 of 1st period - Shot Misses the Net.
6:51 of 1st period - Snap shot by Nino Niederreiter.
6:51 of 1st period - Stopped by Robin Lehner without a rebound.
6:52 of 1st period - Johan Larsson wins face-off versus John Tavares in Buffalo Sabres zone.
6:53 of 1st period - Wrist shot by Matt Nieto.
6:53 of 1st period - Shot Misses the Net.
7:04 of 1st period - Icing by Jesper Fast.
7:05 of 1st period - Mikko Koivu wins face-off versus John Tavares in Buffalo Sabres zone.
7:12 of 1st period - Mikael Granlund is hit by John Tavares and loses puck.
7:37 of 1st period - Snap shot by John Tavares.
7:37 of 1st period - Shot Misses the Net.
7:39 of 1st period - Wrist shot by Ryan Nugent-Hopkins.
7:39 of 1st period - Deflect By John Tavares.
7:39 of 1st period - Shot Blocked by Christian Folin.
7:39 of 1st period - Puck is out of play.
7:40 of 1st period - Matt Cullen wins face-off versus Jason Pominville in Minnesota Wild zone.
8:05 of 1st period - Zemgus Girgensons is hit by Mikael Granlund and loses puck.
8:12 of 1st period - Snap shot by Nicolas Deslauriers.
8:12 of 1st period - Deflect By Curtis Lazar.
8:12 of 1st period - Stopped by James Reimer with a rebound.
9:14 of 1st period - Jared Spurgeon is hit by Jesper Fast and loses puck.
9:31 of 1st period - Tyler Myers is hit by Mika Zibanejad and loses puck.
9:49 of 1st period - Jared Spurgeon is hit by Nicholas Baptiste.
10:13 of 1st period - Wrist shot by Zemgus Girgensons.
10:13 of 1st period - Deflect By Nate Prosser.
10:13 of 1st period - Stopped by James Reimer without a rebound.
10:14 of 1st period - Zemgus Girgensons wins face-off versus Matt Cullen in Minnesota Wild zone.
10:45 of 1st period - Snap shot by Jason Pominville.
10:45 of 1st period - Stopped by James Reimer without a rebound.
10:46 of 1st period - Mika Zibanejad wins face-off versus John Tavares in Minnesota Wild zone.
11:21 of 1st period - Snap shot by Mikael Granlund.
11:21 of 1st period - Stopped by Robin Lehner without a rebound.
11:22 of 1st period - John Tavares wins face-off versus Johan Larsson in Buffalo Sabres zone.
11:22 of 1st period - John Tavares is hit by Matt Nieto.
11:53 of 1st period - Snap shot by Jason Pominville.
11:53 of 1st period - Shot Blocked by Mikko Koivu.
12:33 of 1st period - Snap shot by Justin Bailey.
12:33 of 1st period - Stopped by James Reimer without a rebound.
12:34 of 1st period - Matt Nieto wins face-off versus Jason Pominville in Minnesota Wild zone.
12:34 of 1st period - Matt Nieto is hit by Rasmus Ristolainen.
12:48 of 1st period - Snap shot by Jason Pominville.
12:48 of 1st period - Deflect By Evan Rodrigues.
12:48 of 1st period - Stopped by James Reimer without a rebound.
12:49 of 1st period - Mika Zibanejad wins face-off versus John Tavares in Minnesota Wild zone.
12:49 of 1st period - Mika Zibanejad is hit by John Tavares.
13:04 of 1st period - Jared Spurgeon is hit by Jesper Fast and loses puck.
13:22 of 1st period - Snap shot by Alexander Steen.
13:22 of 1st period - Shot Blocked by Marcus Foligno.
13:24 of 1st period - Wrist shot by Mikko Koivu.
13:24 of 1st period - Shot Misses the Net.
13:26 of 1st period - Slapshot by Jonas Brodin.
13:26 of 1st period - Stopped by Robin Lehner without a rebound.
13:27 of 1st period - John Tavares wins face-off versus Johan Larsson in Buffalo Sabres zone.
13:52 of 1st period - Jake McCabe is hit by Mikko Koivu and loses puck.
14:13 of 1st period - Wrist shot by Evan Rodrigues.
14:13 of 1st period - Stopped by James Reimer without a rebound.
14:14 of 1st period - Jason Pominville wins face-off versus Mika Zibanejad in Minnesota Wild zone.
15:04 of 1st period - Snap shot by Matt Nieto.
15:04 of 1st period - Shot Misses the Net.
15:27 of 1st period - John Tavares is hit by Patrick Sharp and loses puck.
15:32 of 1st period - Slapshot by Jared Spurgeon.
15:32 of 1st period - Shot Misses the Net.
17:33 of 1st period - Matt Cullen is hit by John Tavares and loses puck.
17:51 of 1st period - Curtis Lazar is hit by Jason Zucker and loses puck.
18:18 of 1st period - Jason Pominville is hit by Johan Larsson and loses puck.
18:42 of 1st period - Wrist shot by Ty Rattie.
18:42 of 1st period - Goal by Ty Rattie - Buffalo Sabres : 0 - Minnesota Wild : 1.
18:43 of 1st period - Mika Zibanejad wins face-off versus John Tavares in neutral zone.
18:52 of 1st period - Snap shot by Mika Zibanejad.
18:52 of 1st period - Stopped by Robin Lehner with a rebound.
18:54 of 1st period - Slapshot by Nino Niederreiter.
18:54 of 1st period - Stopped by Robin Lehner with a rebound.
19:30 of 1st period - Snap shot by Nicolas Deslauriers.
19:30 of 1st period - Stopped by James Reimer without a rebound.
19:31 of 1st period - Zemgus Girgensons wins face-off versus Matt Cullen in Minnesota Wild zone.
19:32 of 1st period - Wrist shot by Curtis Lazar.
19:32 of 1st period - Stopped by James Reimer without a rebound.
19:33 of 1st period - Zemgus Girgensons wins face-off versus Johan Larsson in Minnesota Wild zone.
19:57 of 1st period - Marco Scandella is hit by Mika Zibanejad and loses puck.
Goals for this period are 0 for Buffalo Sabres vs 1 for Minnesota Wild.
Shots for this period are 9 for Buffalo Sabres vs 10 for Minnesota Wild.

2nd period


0:01 of 2nd period - John Tavares wins face-off versus Mikko Koivu in neutral zone.
0:32 of 2nd period - Slapshot by Joel Eriksson Ek.
0:32 of 2nd period - Stopped by Robin Lehner with a rebound.
0:34 of 2nd period - Slapshot by Jonas Brodin.
0:34 of 2nd period - Stopped by Robin Lehner without a rebound.
0:35 of 2nd period - Zemgus Girgensons wins face-off versus Matt Cullen in Buffalo Sabres zone.
0:35 of 2nd period - Zemgus Girgensons is hit by Joel Eriksson Ek.
0:41 of 2nd period - Zemgus Girgensons is hit by Christian Folin and loses puck.
0:50 of 2nd period - Snap shot by Zemgus Girgensons.
0:50 of 2nd period - Shot Misses the Net.
2:39 of 2nd period - Icing by Jesper Fast.
2:40 of 2nd period - Zemgus Girgensons wins face-off versus Johan Larsson in Buffalo Sabres zone.
2:40 of 2nd period - Zemgus Girgensons is hit by Johan Larsson.
3:10 of 2nd period - Snap shot by Jonas Brodin.
3:10 of 2nd period - Shot Misses the Net.
3:18 of 2nd period - Snap shot by Matt Nieto.
3:18 of 2nd period - Shot Misses the Net.
3:32 of 2nd period - Snap shot by Patrick Sharp.
3:32 of 2nd period - Stopped by Robin Lehner without a rebound.
3:33 of 2nd period - Jason Pominville wins face-off versus Nino Niederreiter in Buffalo Sabres zone.
3:45 of 2nd period - Icing by Brendan Guhle.
3:46 of 2nd period - Jason Pominville wins face-off versus Mikko Koivu in Buffalo Sabres zone.
3:53 of 2nd period - Slapshot by Marcus Foligno.
3:53 of 2nd period - Shot Blocked by Alexander Steen.
4:01 of 2nd period - Matt Dumba is hit by Evan Rodrigues and loses puck.
4:47 of 2nd period - Slapshot by Jason Pominville.
4:47 of 2nd period - Shot Misses the Net.
4:49 of 2nd period - Slapshot by Casey Nelson.
4:49 of 2nd period - Deflect By Marcus Foligno.
4:49 of 2nd period - Shot Blocked by Matt Dumba.
4:49 of 2nd period - Puck is out of play.
4:50 of 2nd period - Jesper Fast wins face-off versus Nino Niederreiter in Minnesota Wild zone.
5:00 of 2nd period - Icing by Jared Spurgeon.
5:01 of 2nd period - Mika Zibanejad wins face-off versus John Tavares in Minnesota Wild zone.
5:06 of 2nd period - Snap shot by John Tavares.
5:06 of 2nd period - Goal by John Tavares - Buffalo Sabres : 1 - Minnesota Wild : 1.
5:07 of 2nd period - Matt Cullen wins face-off versus John Tavares in neutral zone.
5:14 of 2nd period - Wrist shot by John Tavares.
5:14 of 2nd period - Shot Misses the Net.
5:16 of 2nd period - Snap shot by Ryan Nugent-Hopkins.
5:16 of 2nd period - Goal by Ryan Nugent-Hopkins - Buffalo Sabres : 2 - Minnesota Wild : 1.
5:17 of 2nd period - Matt Cullen wins face-off versus John Tavares in neutral zone.
6:06 of 2nd period - Wrist shot by Matt Nieto.
6:06 of 2nd period - Stopped by Robin Lehner with a rebound.
7:41 of 2nd period - Snap shot by Nicolas Deslauriers.
7:41 of 2nd period - Stopped by James Reimer without a rebound.
7:42 of 2nd period - Zemgus Girgensons wins face-off versus Matt Cullen in Minnesota Wild zone.
7:43 of 2nd period - Slapshot by Rasmus Ristolainen.
7:43 of 2nd period - Shot Blocked by Joel Eriksson Ek.
8:19 of 2nd period - Zemgus Girgensons is hit by Jonas Brodin and loses puck.
8:54 of 2nd period - Snap shot by Mikael Granlund.
8:54 of 2nd period - Shot Misses the Net.
9:10 of 2nd period - Marcus Foligno is hit by Joel Eriksson Ek and loses puck.
9:27 of 2nd period - Snap shot by Evan Rodrigues.
9:27 of 2nd period - Stopped by James Reimer with a rebound.
9:29 of 2nd period - Wrist shot by Evan Rodrigues.
9:29 of 2nd period - Shot Blocked by Nate Prosser.
9:31 of 2nd period - Slapshot by Jake McCabe.
9:31 of 2nd period - Stopped by James Reimer with a rebound.
9:33 of 2nd period - Snap shot by Marcus Foligno.
9:33 of 2nd period - Shot Blocked by Nate Prosser.
9:41 of 2nd period - Backhand shot by Ty Rattie.
9:41 of 2nd period - Stopped by Robin Lehner without a rebound.
9:42 of 2nd period - Mika Zibanejad wins face-off versus John Tavares in Buffalo Sabres zone.
10:33 of 2nd period - Slapshot by Mikko Koivu.
10:33 of 2nd period - Shot Blocked by Jake McCabe.
10:35 of 2nd period - Slapshot by Matt Dumba.
10:35 of 2nd period - Shot Blocked by Jake McCabe.
12:00 of 2nd period - Icing by Casey Nelson.
12:01 of 2nd period - Justin Bailey wins face-off versus Johan Larsson in Buffalo Sabres zone.
12:06 of 2nd period - Snap shot by John Tavares.
12:06 of 2nd period - Stopped by James Reimer without a rebound.
12:07 of 2nd period - Mika Zibanejad wins face-off versus Nicolas Deslauriers in Minnesota Wild zone.
12:16 of 2nd period - Snap shot by Curtis Lazar.
12:16 of 2nd period - Stopped by James Reimer without a rebound.
12:17 of 2nd period - Zemgus Girgensons wins face-off versus Mika Zibanejad in Minnesota Wild zone.
12:28 of 2nd period - Snap shot by Nicolas Deslauriers.
12:28 of 2nd period - Stopped by James Reimer without a rebound.
12:29 of 2nd period - Jesper Fast wins face-off versus Mikko Koivu in Minnesota Wild zone.
12:32 of 2nd period - Snap shot by Ryan Nugent-Hopkins.
12:32 of 2nd period - Stopped by James Reimer without a rebound.
12:33 of 2nd period - Mikko Koivu wins face-off versus John Tavares in Minnesota Wild zone.
12:33 of 2nd period - Mikko Koivu is hit by Ryan Nugent-Hopkins.
12:59 of 2nd period - Slapshot by Evan Rodrigues.
12:59 of 2nd period - Stopped by James Reimer without a rebound.
13:00 of 2nd period - Jason Pominville wins face-off versus Johan Larsson in Minnesota Wild zone.
13:09 of 2nd period - Wrist shot by Marcus Foligno.
13:09 of 2nd period - Stopped by James Reimer with a rebound.
13:30 of 2nd period - Slapshot by Jared Spurgeon.
13:30 of 2nd period - Shot Blocked by Jake McCabe.
14:04 of 2nd period - Slapshot by John Tavares.
14:04 of 2nd period - Deflect By Ryan Nugent-Hopkins.
14:04 of 2nd period - Shot Blocked by Nate Prosser.
14:04 of 2nd period - Puck is out of play.
14:05 of 2nd period - Mika Zibanejad wins face-off versus John Tavares in Minnesota Wild zone.
14:53 of 2nd period - Snap shot by Matt Nieto.
14:53 of 2nd period - Shot Misses the Net.
15:17 of 2nd period - Wrist shot by Mikael Granlund.
15:17 of 2nd period - Shot Misses the Net.
15:27 of 2nd period - Snap shot by Evan Rodrigues.
15:27 of 2nd period - Stopped by James Reimer without a rebound.
15:28 of 2nd period - Jason Pominville wins face-off versus Mika Zibanejad in Minnesota Wild zone.
15:31 of 2nd period - Slapshot by Marcus Foligno.
15:31 of 2nd period - Shot Misses the Net.
15:33 of 2nd period - Slapshot by Rasmus Ristolainen.
15:33 of 2nd period - Stopped by James Reimer with a rebound.
15:35 of 2nd period - Slapshot by Rasmus Ristolainen.
15:35 of 2nd period - Stopped by James Reimer without a rebound.
15:36 of 2nd period - Curtis Lazar wins face-off versus Johan Larsson in Minnesota Wild zone.
15:39 of 2nd period - Snap shot by Zemgus Girgensons.
15:39 of 2nd period - Stopped by James Reimer with a rebound.
15:41 of 2nd period - Snap shot by Tyler Myers.
15:41 of 2nd period - Shot Blocked by Matt Nieto.
15:43 of 2nd period - Slapshot by Curtis Lazar.
15:43 of 2nd period - Stopped by James Reimer without a rebound.
15:44 of 2nd period - Johan Larsson wins face-off versus Zemgus Girgensons in Minnesota Wild zone.
15:44 of 2nd period - Matt Dumba is hit by Rasmus Ristolainen and loses puck.
15:53 of 2nd period - Slapshot by Patrick Sharp.
15:53 of 2nd period - Stopped by Robin Lehner with a rebound.
15:55 of 2nd period - Slapshot by Matt Dumba.
15:55 of 2nd period - Deflect By Johan Larsson.
15:55 of 2nd period - Shot Blocked by Curtis Lazar.
15:55 of 2nd period - Puck is out of play.
15:56 of 2nd period - John Tavares wins face-off versus Matt Cullen in Buffalo Sabres zone.
16:09 of 2nd period - Backhand shot by Ty Rattie.
16:09 of 2nd period - Shot Blocked by Tyler Myers.
16:11 of 2nd period - Slapshot by Matt Dumba.
16:11 of 2nd period - Deflect By Ty Rattie.
16:11 of 2nd period - Shot Misses the Net.
16:11 of 2nd period - Puck is out of play.
16:12 of 2nd period - Mikko Koivu wins face-off versus Jason Pominville in Buffalo Sabres zone.
16:13 of 2nd period - Wrist shot by Mikael Granlund.
16:13 of 2nd period - Shot Misses the Net.
16:25 of 2nd period - Wrist shot by Evan Rodrigues.
16:25 of 2nd period - Stopped by James Reimer without a rebound.
16:26 of 2nd period - Mika Zibanejad wins face-off versus John Tavares in Minnesota Wild zone.
17:16 of 2nd period - Snap shot by Ty Rattie.
17:16 of 2nd period - Shot Blocked by Marco Scandella.
17:18 of 2nd period - Wrist shot by Joel Eriksson Ek.
17:18 of 2nd period - Deflect By Ty Rattie.
17:18 of 2nd period - Shot Misses the Net.
17:18 of 2nd period - Puck is out of play.
17:19 of 2nd period - Johan Larsson wins face-off versus John Tavares in Buffalo Sabres zone.
17:44 of 2nd period - David Warsofsky is hit by Zemgus Girgensons and loses puck.
18:07 of 2nd period - Snap shot by Evan Rodrigues.
18:07 of 2nd period - Shot Blocked by Jason Zucker.
18:34 of 2nd period - Ryan Nugent-Hopkins is hit by Nate Prosser and loses puck.
19:07 of 2nd period - Zemgus Girgensons is hit by Ty Rattie.
19:15 of 2nd period - Snap shot by Curtis Lazar.
19:15 of 2nd period - Shot Misses the Net.
19:17 of 2nd period - Wrist shot by Nicolas Deslauriers.
19:17 of 2nd period - Stopped by James Reimer without a rebound.
19:18 of 2nd period - John Tavares wins face-off versus Mika Zibanejad in Minnesota Wild zone.
19:21 of 2nd period - Snap shot by John Tavares.
19:21 of 2nd period - Stopped by James Reimer with a rebound.
19:27 of 2nd period - Slapshot by Ryan Nugent-Hopkins.
19:27 of 2nd period - Deflect By John Tavares.
19:27 of 2nd period - Shot Misses the Net.
19:27 of 2nd period - Puck is out of play.
19:28 of 2nd period - Mikko Koivu wins face-off versus John Tavares in Minnesota Wild zone.
19:42 of 2nd period - Slapshot by Matt Dumba.
19:42 of 2nd period - Stopped by Robin Lehner with a rebound.
Goals for this period are 2 for Buffalo Sabres vs 0 for Minnesota Wild.
Shots for this period are 19 for Buffalo Sabres vs 7 for Minnesota Wild.

3rd period


0:01 of 3rd period - Johan Larsson wins face-off versus John Tavares in neutral zone.
1:11 of 3rd period - Mika Zibanejad is hit by Ryan Nugent-Hopkins.
1:18 of 3rd period - Jason Zucker is hit by Brendan Guhle and loses puck.
1:34 of 3rd period - Icing by Marcus Foligno.
1:35 of 3rd period - Matt Cullen wins face-off versus Jason Pominville in Buffalo Sabres zone.
1:44 of 3rd period - Slapshot by Evan Rodrigues.
1:44 of 3rd period - Stopped by James Reimer without a rebound.
1:45 of 3rd period - John Tavares wins face-off versus Matt Cullen in Minnesota Wild zone.
2:14 of 3rd period - Marco Scandella is hit by Patrick Sharp.
3:00 of 3rd period - Wrist shot by Mikko Koivu.
3:00 of 3rd period - Stopped by Robin Lehner without a rebound.
3:01 of 3rd period - Ryan Nugent-Hopkins wins face-off versus Mikko Koivu in Buffalo Sabres zone.
3:08 of 3rd period - Wrist shot by Ryan Nugent-Hopkins.
3:08 of 3rd period - Stopped by James Reimer with a rebound.
3:10 of 3rd period - Snap shot by Ryan Nugent-Hopkins.
3:10 of 3rd period - Shot Misses the Net.
3:31 of 3rd period - Wrist shot by Evan Rodrigues.
3:31 of 3rd period - Stopped by James Reimer without a rebound.
3:32 of 3rd period - John Tavares wins face-off versus Matt Cullen in Minnesota Wild zone.
3:33 of 3rd period - Snap shot by Justin Bailey.
3:33 of 3rd period - Goal by Justin Bailey - Buffalo Sabres : 3 - Minnesota Wild : 1.
3:34 of 3rd period - John Tavares wins face-off versus Johan Larsson in neutral zone.
3:41 of 3rd period - Snap shot by John Tavares.
3:41 of 3rd period - Stopped by James Reimer with a rebound.
3:43 of 3rd period - Snap shot by Nicholas Baptiste.
3:43 of 3rd period - Deflect By John Tavares.
3:43 of 3rd period - Shot Misses the Net.
3:43 of 3rd period - Puck is out of play.
3:44 of 3rd period - Johan Larsson wins face-off versus John Tavares in Minnesota Wild zone.
4:14 of 3rd period - Minor Penalty to Johan Larsson for Roughing.
4:15 of 3rd period - Mikko Koivu wins face-off versus Curtis Lazar in Minnesota Wild zone.
4:41 of 3rd period - Jesper Fast is hit by Matt Nieto and loses puck.
5:27 of 3rd period - Icing by Marcus Foligno.
5:28 of 3rd period - Nicolas Deslauriers wins face-off versus Mikko Koivu in Buffalo Sabres zone.
6:14 of 3rd period - Penalty to Johan Larsson is over, Johan Larsson is back on ice.
7:22 of 3rd period - Jason Pominville is hit by Matt Cullen and loses puck.
9:17 of 3rd period - Icing by Jared Spurgeon.
9:18 of 3rd period - Matt Cullen wins face-off versus Jason Pominville in Minnesota Wild zone.
9:29 of 3rd period - Wrist shot by Nicolas Deslauriers.
9:29 of 3rd period - Shot Misses the Net.
9:31 of 3rd period - Slapshot by Curtis Lazar.
9:31 of 3rd period - Stopped by James Reimer with a rebound.
10:00 of 3rd period - Snap shot by Jason Zucker.
10:00 of 3rd period - Stopped by Robin Lehner without a rebound.
10:01 of 3rd period - Jason Pominville wins face-off versus Mika Zibanejad in Buffalo Sabres zone.
10:25 of 3rd period - Zemgus Girgensons is hit by Alexander Steen and loses puck.
10:30 of 3rd period - Snap shot by Alexander Steen.
10:30 of 3rd period - Shot Misses the Net.
10:32 of 3rd period - Slapshot by Nate Prosser.
10:32 of 3rd period - Shot Misses the Net.
10:42 of 3rd period - Matt Dumba is hit by Jesper Fast and loses puck.
10:51 of 3rd period - Jesper Fast is hit by Joel Eriksson Ek and loses puck.
11:08 of 3rd period - Rasmus Ristolainen is hit by Matt Nieto and loses puck.
11:17 of 3rd period - Matt Nieto is hit by Marcus Foligno and loses puck.
11:32 of 3rd period - Snap shot by Justin Bailey.
11:32 of 3rd period - Shot Blocked by Alexander Steen.
11:51 of 3rd period - Matt Dumba is hit by Nicolas Deslauriers and loses puck.
12:52 of 3rd period - Wrist shot by Ryan Nugent-Hopkins.
12:52 of 3rd period - Shot Misses the Net.
13:46 of 3rd period - Jesper Fast is hit by Nino Niederreiter and loses puck.
14:01 of 3rd period - Backhand shot by Mikko Koivu.
14:01 of 3rd period - Stopped by Robin Lehner with a rebound.
14:03 of 3rd period - Snap shot by Mikko Koivu.
14:03 of 3rd period - Shot Blocked by Dmitry Kulikov.
15:04 of 3rd period - David Warsofsky is hit by Nicholas Baptiste and loses puck.
15:23 of 3rd period - Mikael Granlund is hit by Jason Pominville and loses puck.
15:40 of 3rd period - John Tavares is hit by Joel Eriksson Ek and loses puck.
15:59 of 3rd period - Evan Rodrigues is hit by Nino Niederreiter and loses puck.
16:46 of 3rd period - Casey Nelson is hit by Christian Folin and loses puck.
16:47 of 3rd period - Casey Nelson from Buffalo Sabres is injured at 16:47 of 3rd period (Fractured Metatarsal (Right Foot)).
16:48 of 3rd period - Zemgus Girgensons wins face-off versus Johan Larsson in Buffalo Sabres zone.
17:18 of 3rd period - Jonas Brodin is hit by Marco Scandella and loses puck.
17:23 of 3rd period - Snap shot by John Tavares.
17:23 of 3rd period - Goal by John Tavares - Buffalo Sabres : 4 - Minnesota Wild : 1.
17:24 of 3rd period - John Tavares wins face-off versus Mikko Koivu in neutral zone.
17:42 of 3rd period - Ryan Nugent-Hopkins is hit by Jared Spurgeon and loses puck.
18:16 of 3rd period - David Warsofsky is hit by Marcus Foligno and loses puck.
18:40 of 3rd period - Nicholas Baptiste is hit by Mika Zibanejad and loses puck.
19:21 of 3rd period - Marco Scandella is hit by Patrick Sharp and loses puck.
19:30 of 3rd period - Icing by Matt Nieto.
19:31 of 3rd period - Johan Larsson wins face-off versus John Tavares in Minnesota Wild zone.
19:36 of 3rd period - Slapshot by Nate Prosser.
19:36 of 3rd period - Stopped by Robin Lehner without a rebound.
19:37 of 3rd period - Mikko Koivu wins face-off versus John Tavares in Buffalo Sabres zone.
19:38 of 3rd period - Snap shot by Mikael Granlund.
19:38 of 3rd period - Stopped by Robin Lehner with a rebound.
19:49 of 3rd period - Minor Penalty to Mikko Koivu for Interference.
19:50 of 3rd period - Matt Nieto wins face-off versus Nicolas Deslauriers in Minnesota Wild zone.
Goals for this period are 2 for Buffalo Sabres vs 0 for Minnesota Wild.
Shots for this period are 7 for Buffalo Sabres vs 5 for Minnesota Wild.